 Dungeon Crawl Stone Soup version 0.21-a0-404-g291f19a (webtiles) character file.

107914 tof the Tortoise (level 16, -7/141 HPs)
             Began as a Minotaur Gladiator on Oct 27, 2017.
             Was the Champion of Kikubaaqudgha.
             Mangled by a spriggan rider
             ... wielding a +0 spear
              (9 damage)
             ... on level 2 of the Swamp on Oct 28, 2017.
             The game lasted 02:17:34 (26085 turns).

tof the Tortoise (Minotaur Gladiator)              Turns: 26085, Time: 02:17:35

Health: -7/141     AC: 26    Str: 20    XL:     16   Next: 1%
Magic:  21/28      EV: 26    Int: 11    God:    Kikubaaqudgha [******]
Gold:   1147       SH:  4    Dex: 23    Spells: 14/29 levels left

rFire    . . .     SeeInvis .   a - +6 Majin-Bo {vamp, Archmagi MP+6 Int+6}
rCold    . . .     Gourm    .   (shield currently unavailable)
rNeg     . . .     Faith    .   U - +5 scale mail of Ru's Displeasure {rElec Dex+5 Slay+3}
rPois    +         Spirit   .   b - +2 hat
rElec    +         Reflect  .   G - +2 cloak
rCorr    .         Harm     .   V - +2 pair of gloves of the Pink Corner {*Slow rPois MR+++}
MR       ++++.                  Y - +0 pair of boots
Stlth    +.........             c - amulet of regeneration
HPRegen  0.73/turn              Z - +5 ring of evasion
MPRegen  0.21/turn              H - ring of wizardry

@: no status effects
A: retaliatory headbutt, horns 2, large bone plates 1, low mp 1, sturdy frame 1
a: Receive Corpses, Torment, Renounce Religion


You were on level 2 of the Swamp.
You worshipped Kikubaaqudgha.
Kikubaaqudgha was exalted by your worship.
You were hungry.

You visited 5 branches of the dungeon, and saw 26 of its levels.

You collected 2711 gold pieces.
You spent 1564 gold pieces at shops.

Inventory:

Hand Weapons
 a - the +6 Majin-Bo (weapon) {vamp, Archmagi MP+6 Int+6}
   (You found it on level 5 of the Dungeon)

   It inflicts no extra harm, but heals its wielder when it wounds a living foe.
   It affects your intelligence (+6).
   It affects your magic capacity (+6).
Missiles
 d - 4 throwing nets
 v - 54 tomahawks
 O - 5 silver tomahawks (quivered)
Armour
 b - a +2 hat (worn)
 G - a +2 cloak (worn)
 U - the +5 scale mail of Ru's Displeasure (worn) {rElec Dex+5 Slay+3}
   (You bought it in a shop on level 2 of the Orcish Mines)

   It affects your dexterity (+5).
   It affects your accuracy and damage with ranged weapons and melee attacks
   (+3).
   It insulates you from electricity.
 V - the +2 pair of gloves of the Pink Corner (worn) {*Slow rPois MR+++}
   (You bought it in a shop on level 2 of the Orcish Mines)

   It protects you from poison.
   It affects your resistance to hostile enchantments.
   It may slow you when you take damage.
 Y - a +0 pair of boots (worn)
Jewellery
 c - an amulet of regeneration (around neck)
 u - an uncursed ring of protection from cold
 H - a ring of wizardry (right hand)
 K - a +3 ring of slaying
 P - an uncursed ring of poison resistance
 Q - a +5 amulet of reflection
 Z - a +5 ring of evasion (left hand)
Wands
 x - a wand of random effects (27/48)
Scrolls
 e - 3 scrolls of recharging
 h - 5 scrolls of magic mapping
 k - 6 scrolls of fear
 m - 2 scrolls of fog
 o - 4 scrolls of remove curse
 q - 10 scrolls of teleportation
 A - 5 scrolls of amnesia
 D - 3 scrolls of enchant armour
 E - 6 scrolls of enchant weapon {unknown}
 S - 3 scrolls of blinking
Potions
 l - 5 potions of might
 n - 2 potions of resistance {unknown}
 p - 4 potions of cancellation {unknown}
 r - a potion of haste {unknown}
 s - a potion of invisibility {unknown}
 t - 2 potions of lignification {unknown}
 w - 4 potions of heal wounds {unknown}
 z - 9 potions of curing
 F - 4 potions of degeneration {unknown}
 I - 3 potions of agility
 N - 3 potions of ambrosia {unknown}
 T - 6 potions of brilliance {unknown}
 X - 2 potions of magic {unknown}
Books
 i - Kikubaaqudgha's Collected Works on Necromancy
   (Kikubaaqudgha gifted it to you on level 7 of the Dungeon)

   Spells                             Type                      Level
   a - Pain                           Necromancy                   1
   b - Corpse Rot                     Necromancy                   2
   c - Sublimation of Blood           Necromancy                   2
   d - Vampiric Draining              Necromancy                   3
   e - Control Undead                 Necromancy                   4
 y - a Necronomicon

   Spells                             Type                      Level
   a - Haunt                          Necromancy/Summoning         7
   b - Borgnjor's Revivification      Necromancy                   8
   c - Death's Door                   Charms/Necromancy            8
   d - Infestation                    Necromancy                   8
   e - Necromutation                  Transmutation/Necromancy     8
 J - Kikubaaqudgha's Grimoire of Darkness
   (Kikubaaqudgha gifted it to you on level 11 of the Dungeon)

   Spells                             Type                      Level
   a - Animate Dead                   Necromancy                   4
   b - Bolt of Draining               Conjuration/Necromancy       5
   c - Agony                          Necromancy                   5
   d - Cigotuvi's Embrace             Necromancy                   5
   e - Dispel Undead                  Necromancy                   5
Miscellaneous
 M - a lightning rod (4/4)
 R - a box of beasts
 W - a lamp of fire
Comestibles
 f - 8 bread rations
 g - 28 fruits
 j - 6 meat rations
 B - 2 chunks of flesh
 C - 8 royal jellies


   Skills:
 + Level 12.7 Fighting
 - Level 14.0 Staves
 - Level 6.2 Throwing
 * Level 16.9 Armour
 + Level 12.1 Dodging
 + Level 7.1 Spellcasting
 - Level 0.6 Summonings
 * Level 9.3 Necromancy


You had 14 spell levels left.
You knew the following spells:

 Your Spells              Type           Power        Failure   Level  Hunger
a - Summon Small Mammal   Summ           #...         9%          1    None
b - Animate Skeleton      Necr           N/A          1%          1    None
c - Pain                  Necr           ####         1%          1    None
d - Animate Dead          Necr           N/A          2%          4    ####...
e - Vampiric Draining     Necr           #####.....   1%          3    ###....
f - Dispel Undead         Necr           #####...     6%          5    ######.


Dungeon Overview and Level Annotations

Branches:
Dungeon (15/15) Temple (1/1) D:6 Lair (6/6) D:10 Swamp (2/4) Lair:4 Snake (0/4) Lair:4 Slime (0/5) Lair:5 Orc (2/2) D:12 Elf (0/3) Orc:1 Orc:2 Vaults (0/5) D:13 Depths (0/5) D:15

Altars:
Ashenzari
Dithmenos
Elyvilon
Fedhas
Gozag
Hepliaklqana
Kikubaaqudgha
Makhleb
Nemelex Xobeh
Qazlal
Sif Muna
Trog
Vehumet
Wu Jian
Xom
Yredelemnul
Zin
The Shining One
Beogh

Shops:
D:4 !   Orc:1 [   Orc:2 *[}(

Portals:
Trove: D:11 (give +5 ice dragon scales)

Annotations:
Lair:4 exclusion: 2 oklob plants
Lair:5 exclusion: 2 oklob plants


Innate Abilities, Weirdness & Mutations

You reflexively headbutt those who attack you in melee.
You have a pair of horns on your head.
You are partially covered in large bone plates. (SH +4)
Your magical capacity is low. (-10% MP)
Your movements are slightly less encumbered by armour. (ER -2)


Message History

The spriggan rider hits you from afar with a spear!
* * * LOW HITPOINT WARNING * * *
The spriggan rider hits you from afar with a spear!
* * * LOW HITPOINT WARNING * * *
You feel better. The spriggan rider barely misses you.
The spriggan rider completely misses you.
Kikubaaqudgha delivers you corpses!
You feel somewhat more hungry.
The spriggan rider hits you from afar with a spear!!
* * * LOW HITPOINT WARNING * * *
The spriggan rider hits you but does no damage.
The spriggan rider completely misses you.
Casting: Animate Skeleton
Confirm with . or Enter, or press ? or * to list all spells.
You feel a surge of power!
You call on the dead to rise...
The dead are hopping and slithering!
* * * LOW HITPOINT WARNING * * *
The spriggan rider hits you from afar with a spear!
You die...
Kikubaaqudgha rasps: "You have failed me!
Welcome... death!"

≈≈..≈≈≈.♣♣♣♣ .≈≈≈≈♣♣ ≈≈≈.≈≈..♣♣♣♣
♣.≈≈.≈♣ ≈≈≈....≈.≈.♣♣♣♣..≈≈≈♣
≈≈≈.≈..≈.≈≈≈≈≈≈≈≈≈≈≈♣♣ ♣♣♣
≈≈≈≈≈♣...≈≈≈.≈≈≈≈≈≈≈.♣♣ ♣≈.
≈≈≈≈.♣....≈≈..≈i≈≈≈≈≈≈♣♣♣♣♣ ♣♣♣.≈
.≈≈.≈≈≈≈≈...♣Dii≈≈≈≈.♣ ♣≈≈♣♣♣≈.≈≈
.≈≈≈≈≈≈♣♣♣♣♣♣♣iZ≈≈≈..♣♣♣♣♣≈...♣♣.
.≈≈≈.≈. ♣≈≈≈≈@≈≈.≈≈≈♣.....♣♣♣≈
.≈.... ♣.≈≈♣♣Z..≈≈≈...≈≈≈<≈♣♣
♣≈≈♣.. ≈≈≈..≈≈≈...≈...≈≈≈≈≈.≈♣♣
♣♣≈≈. ≈.♣♣♣..≈≈.≈≈≈.♣..≈≈≈≈≈.♣≈ .
♣♣.≈≈.≈≈≈≈≈.≈≈≈≈≈≈≈.≈
♣≈..≈≈≈≈≈≈≈≈≈≈≈≈...≈
♣♣§≈≈≈...≈≈≈≈.≈§§♣♣♣
♣≈.≈≈..§≈.≈..♣♣♣♣ ♣♣...≈≈♣♣≈..♣♣


You could see an eight-headed hydra, 4 spriggan riders, a friendly tyrant leech
zombie and a friendly spiny frog zombie.

Vanquished Creatures
  Rupert (Lair:3)
  An orc warlord (Orc:1)
  A juggernaut zombie (D:15)
  Snorg (Orc:1)
  Josephine (D:12)
  Erolcha (D:9)
  A ghost crab (Swamp:1)
  A catoblepas (Lair:6)
  8 vault guards (D:13)
  8 hydras
  3 centaur warriors
  15 two-headed ogres
  2 alligators
  7 death yaks
  The ghost of kae the Geomancer, a journeyman GrEE of Vehumet (Lair:2)
  A vampire mage (D:15)
  A deep troll shaman (Lair:6)
  Urug (D:13)
  Nergalle (Orc:1)
  Sonja (D:13)
  2 unseen horrors
  A skeletal warrior (D:14)
  A swamp dragon (Swamp:1)
  A shambling mangrove (Swamp:1)
  A lindwurm (Lair:6)
  A necromancer (D:15)
  An orc knight (Orc:2)
  A deep elf mage (D:13)
  An ugly thing (D:12)
  A frost giant zombie (D:15)
  3 manticores
  4 orc sorcerers
  11 cyclopes
  4 elephants
  Joseph (D:9)
  5 centaur skeletons
  A black mamba (Lair:5)
  A torpor snail (Lair:4)
  12 spiny frogs
  2 gargoyles
  5 komodo dragons
  A rime drake (Lair:3)
  An efreet (D:14)
  4 yaktaurs
  2 kobold demonologists (D:12)
  A yaktaur skeleton (D:15)
  2 guardian mummies
  3 trolls
  3 polar bears
  A wind drake (shapeshifter) (D:12)
  A tengu conjurer (D:15)
  3 hornets (Swamp:2)
  Prince Ribbit (D:7)
  A bog body (Swamp:1)
  2 tyrant leeches
  11 slime creatures
  13 blink frogs
  A spriggan zombie (D:15)
  10 hippogriffs
  37 yaks
  4 spriggans
  A fire elemental (D:13)
  2 wyverns
  A shadow (D:15)
  4 basilisks
  5 wraiths (D:12)
  A vampire (D:13)
  2 hungry ghosts
  3 vampire mosquitoes
  5 swamp worms (Swamp:1)
  4 wargs
  4 insubstantial wisps
  3 acid dragons
  A hell hound (D:13)
  11 water moccasins
  8 porcupines
  36 orc warriors
  2 black bears
  3 ice beasts
  4 phantoms
  3 sky beasts
  Purgy (D:3)
  7 ogres
  An eye of draining (D:15)
  20 wolves
  19 centaurs
  16 crocodiles
  A big kobold (D:12)
  10 bullfrogs
  3 wyvern zombies
  6 scorpions
  14 killer bees
  3 electric eels
  11 wights
  The ghost of p0werm0de the Skirmisher, a weakling GrCK of Xom (D:3)
  2 howler monkeys
  2 centaur zombies
  11 crimson imps
  8 hounds
  6 jellies
  A bullfrog zombie (D:11)
  A bullfrog skeleton (D:5)
  14 orc priests
  24 orc wizards
  2 iguanas
  Terence (D:3)
  7 worker ants
  2 hound zombies
  A hound skeleton (D:9)
  A howler monkey zombie (D:9)
  4 gnolls
  19 adders
  3 shadow imps
  4 oozes
  An adder zombie (D:6)
  An adder skeleton (D:4)
  A worm (D:4)
  5 dart slugs
  3 leopard geckos
  66 orcs
  A ball python (D:5)
  4 giant cockroaches
  6 goblins
  7 hobgoblins
  21 jackals
  4 quokkas
  7 bats
  6 frilled lizards
  7 kobolds
  3 quokka skeletons
  A quokka zombie (D:9)
  9 rats
701 creatures vanquished.

Vanquished Creatures (collateral kills)
  Gastronok (Orc:1)
  Azrael (D:13)
  A hydra (Lair:6)
  A catoblepas (Lair:6)
  A two-headed ogre (D:10)
  A swamp dragon (Swamp:1)
  A manticore (D:15)
  A black mamba (Lair:6)
  A spiny frog (Swamp:2)
  A tengu conjurer (D:15)
  A polar bear (Lair:5)
  6 blink frogs
  3 slime creatures
  2 hippogriffs
  18 yaks
  A basilisk (D:15)
  A fire elemental (D:13)
  A naga (Lair:4)
  5 insubstantial wisps
  3 wargs
  A soldier ant (D:13)
  3 water moccasins
  A swamp worm (Swamp:1)
  A hell hound (D:13)
  A porcupine (Lair:3)
  5 orc warriors
  2 black bears
  A centaur (Orc:2)
  3 wolves
  A crocodile (Lair:3)
  2 bullfrogs
  2 killer bees (D:10)
  A wight (D:7)
  2 crimson imps
  2 hounds (Lair:2)
  2 orc priests
  A jelly (D:11)
  An orc wizard (D:9)
  2 hound zombies
  A gnoll (Orc:1)
  An adder zombie (D:7)
  15 orcs
  A kobold (D:12)
  3 fungi
106 creatures vanquished.

Vanquished Creatures (others)
  2 yaktaurs (D:15)
  An orc warrior (Orc:2)
  4 centaurs
  A gnoll (Orc:1)
  8 orcs
  4 fungi
  17 plants
  A withered plant (D:15)
38 creatures vanquished.

Grand Total: 845 creatures vanquished

Notes
Turn   | Place    | Note
-------+----------+-------------------------------------------
     0 | D:1      | tof the Minotaur Gladiator began the quest for the Orb.
     0 | D:1      | Reached XP level 1. HP: 18/18 MP: 0/0
   114 | D:1      | Reached XP level 2. HP: 11/25 MP: 1/1
   114 | D:1      | Reached skill level 1 in Armour
   491 | D:1      | Reached XP level 3. HP: 30/30 MP: 2/2
  1167 | D:2      | Reached skill level 2 in Armour
  1624 | D:3      | Reached XP level 4. HP: 37/37 MP: 3/3
  1651 | D:3      | Noticed Terence
  1655 | D:3      | Killed Terence
  1657 | D:3      | Noticed p0werm0de's ghost (weakling GrCK)
  1673 | D:3      | Killed p0werm0de's ghost
  1673 | D:3      | Reached XP level 5. HP: 24/45 MP: 4/4
  1931 | D:3      | Reached skill level 5 in Staves
  2027 | D:3      | Found a glowing golden altar of the Shining One.
  2045 | D:3      | Reached skill level 3 in Armour
  2157 | D:3      | Found a hazy altar of Hepliaklqana.
  2162 | D:3      | Noticed Purgy
  2173 | D:3      | Killed Purgy
  2173 | D:3      | Reached XP level 6. HP: 44/51 MP: 5/5
  2364 | D:3      | Found a shadowy altar of Dithmenos.
  2692 | D:4      | Found a stormy altar of Qazlal.
  2799 | D:4      | Reached skill level 4 in Armour
  2986 | D:4      | Reached XP level 7. HP: 30/58 MP: 6/6
  3131 | D:4      | Found Cifopp's Distillery.
  3146 | D:4      | Bought a potion of mutation for 104 gold pieces
  3146 | D:4      | Gained mutation: Your movements are slightly less encumbered by armour. (ER -2) [potion of mutation]
  3146 | D:4      | Gained mutation: You are partially covered in large bone plates. (SH +4) [potion of mutation]
  3549 | D:5      | Entered Level 5 of the Dungeon
  3549 | D:5      | Found the +6 Majin-Bo {vamp, Archmagi MP+6 Int+6}
  3687 | D:5      | Reached skill level 5 in Armour
  3990 | D:5      | Reached skill level 5 in Dodging
  4019 | D:5      | Found a bloodstained altar of Trog.
  4333 | D:6      | Reached XP level 8. HP: 66/67 MP: 7/7
  4334 | D:6      | Reached skill level 6 in Armour
  4422 | D:6      | Learned a level 1 spell: Summon Small Mammal
  4468 | D:6      | Reached skill level 5 in Fighting
  4761 | D:6      | Found a staircase to the Ecumenical Temple.
  4767 | Temple   | Entered the Ecumenical Temple
  4794 | Temple   | Became a worshipper of Kikubaaqudgha
  4797 | Temple   | Learned a level 1 spell: Animate Skeleton
  4995 | D:6      | Reached skill level 7 in Armour
  4995 | D:6      | Reached skill level 1 in Spellcasting
  5231 | D:7      | Reached skill level 1 in Necromancy
  5253 | D:7      | Reached XP level 9. HP: 75/75 MP: 9/9
  5293 | D:7      | Found a shattered altar of Ashenzari.
  5367 | D:7      | Found a burning altar of Makhleb.
  5367 | D:7      | Found a shimmering altar of Xom.
  5372 | D:7      | Reached skill level 5 in Throwing
  5553 | D:7      | Reached * piety under Kikubaaqudgha
  5553 | D:7      | Identified Kikubaaqudgha's Collected Works on Necromancy (Kikubaaqudgha gifted it to you on level 7 of the Dungeon)
  5553 | D:7      | Received a gift from Kikubaaqudgha
  5571 | D:7      | Learned a level 1 spell: Pain
  5593 | D:7      | Reached skill level 8 in Armour
  5662 | D:7      | Noticed Prince Ribbit
  5686 | D:7      | Killed Prince Ribbit
  5897 | D:8      | Noticed a two-headed ogre
  5910 | D:8      | Killed a two-headed ogre
  5960 | D:8      | Noticed a two-headed ogre
  5971 | D:8      | Killed a two-headed ogre
  5971 | D:8      | Reached skill level 9 in Armour
  5971 | D:8      | Reached XP level 10. HP: 59/84 MP: 12/12
  6817 | D:9      | Noticed Erolcha
  6824 | D:9      | Killed Erolcha
  6903 | D:9      | Reached skill level 10 in Armour
  6990 | D:9      | Found an opulent altar of Gozag.
  7244 | D:9      | Reached ** piety under Kikubaaqudgha
  7277 | D:9      | Reached XP level 11. HP: 81/93 MP: 14/14
  7278 | D:9      | Found a blossoming altar of Fedhas.
  7555 | D:9      | Noticed Joseph
  7574 | D:9      | Killed Joseph
  7908 | D:10     | Entered Level 10 of the Dungeon
  8039 | D:10     | Noticed a two-headed ogre
  8048 | D:10     | Killed a two-headed ogre
  8111 | D:10     | Found a staircase to the Lair.
  8113 | D:10     | Reached skill level 10 in Staves
  8264 | D:10     | Noticed a two-headed ogre
  8274 | D:10     | Killed a two-headed ogre
  8274 | D:10     | Reached skill level 11 in Armour
  9001 | D:11     | Reached *** piety under Kikubaaqudgha
  9001 | D:11     | Identified Kikubaaqudgha's Grimoire of Darkness (Kikubaaqudgha gifted it to you on level 11 of the Dungeon)
  9001 | D:11     | Received a gift from Kikubaaqudgha
  9008 | D:11     | Learned a level 4 spell: Animate Dead
  9171 | D:11     | Gained mutation: Your magical capacity is low. (-10% MP) [mutagenic glow]
  9276 | D:11     | Noticed a two-headed ogre
  9286 | D:11     | Killed a two-headed ogre
  9591 | D:11     | Noticed a two-headed ogre
  9605 | D:11     | Killed a two-headed ogre
  9662 | D:11     | Found a portal to a secret trove of treasure.
 10294 | D:12     | Reached XP level 12. HP: 94/103 MP: 15/15
 10610 | D:12     | Found a staircase to the Orcish Mines.
 10647 | D:12     | Reached skill level 12 in Armour
 10703 | D:12     | Noticed a two-headed ogre
 10715 | D:12     | Killed a two-headed ogre
 11031 | Lair:1   | Entered Level 1 of the Lair of Beasts
 11158 | Lair:1   | Learned a level 3 spell: Vampiric Draining
 11779 | Lair:2   | Reached **** piety under Kikubaaqudgha
 12211 | Lair:2   | Noticed kae's ghost (journeyman GrEE)
 12232 | Lair:2   | Killed kae's ghost
 12572 | Lair:2   | Reached skill level 5 in Necromancy
 12891 | Lair:3   | Noticed Rupert
 12907 | Lair:3   | Killed Rupert
 12907 | Lair:3   | Reached skill level 13 in Armour
 13174 | Lair:3   | Reached XP level 13. HP: 101/113 MP: 17/17
 13235 | Lair:3   | Reached skill level 10 in Fighting
 13631 | Lair:4   | Found a staircase to the Snake Pit.
 13711 | Lair:4   | Reached ***** piety under Kikubaaqudgha
 13730 | Lair:4   | Reached skill level 5 in Spellcasting
 14129 | Lair:4   | Found a staircase to the Swamp.
 14809 | Lair:5   | Found a glowing golden altar of the Shining One.
 15211 | Lair:5   | Found a staircase to the Slime Pits.
 15574 | Lair:6   | Entered Level 6 of the Lair of Beasts
 15629 | Lair:6   | Reached skill level 10 in Dodging
 15730 | Lair:6   | Reached skill level 14 in Armour
 17033 | Lair:6   | Reached XP level 14. HP: 80/122 MP: 19/19
 18101 | Orc:1    | Entered Level 1 of the Orcish Mines
 18101 | Orc:1    | Found Aluaz's Antique Armour Shop.
 18149 | Orc:1    | Found a transporter.
 18334 | Orc:2    | Entered Level 2 of the Orcish Mines
 18334 | Orc:2    | Found a staircase to the Elven Halls.
 18471 | Orc:2    | Reached ****** piety under Kikubaaqudgha
 19448 | Orc:2    | Found Koinean's Armour Boutique.
 19448 | Orc:2    | Found Ilanlez's Gadget Emporium.
 19450 | Orc:2    | Found Sipsiso's Antique Weapon Shoppe.
 19452 | Orc:2    | Found Fosatuh's General Store.
 19648 | Orc:2    | Bought the +5 scale mail of Ru's Displeasure {rElec Dex+5 Slay+3} for 991 gold pieces
 19648 | Orc:2    | Bought the +2 pair of gloves of the Pink Corner {*Slow rPois MR+++} for 469 gold pieces
 19715 | Orc:1    | Found a roughly hewn altar of Beogh.
 19716 | Orc:1    | Noticed an orc warlord
 19718 | Orc:1    | Noticed Nergalle
 19731 | Orc:1    | Reached skill level 15 in Armour
 19761 | Orc:1    | Killed an orc warlord
 19772 | Orc:1    | Killed Nergalle
 19815 | Orc:1    | Found a transporter.
 19840 | Orc:1    | Noticed Snorg
 19851 | Orc:1    | Killed Snorg
 19962 | Orc:1    | Found a roughly hewn altar of Beogh.
 20081 | Orc:1    | Noticed Gastronok
 20097 | Orc:1    | Killed Gastronok
 20160 | Orc:1    | Found a burning altar of Makhleb.
 20631 | D:12     | Noticed Josephine
 20641 | D:12     | Killed Josephine
 21422 | D:13     | Found a blossoming altar of Fedhas.
 21432 | D:13     | Noticed Urug
 21453 | D:13     | Killed Urug
 21516 | D:13     | Noticed Azrael
 21532 | D:13     | Killed Azrael
 21532 | D:13     | Reached XP level 15. HP: 94/132 MP: 21/21
 21805 | D:13     | Found a gate to the Vaults.
 21943 | D:13     | Noticed Sonja
 21951 | D:13     | Killed Sonja
 22494 | D:14     | Reached skill level 16 in Armour
 22582 | D:14     | Learned a level 5 spell: Dispel Undead
 22775 | D:14     | You fall through a shaft!
 22775 | D:15     | Entered Level 15 of the Dungeon
 22853 | D:15     | Found a staircase to the Depths.
 23884 | D:15     | Received a gift from Kikubaaqudgha
 24543 | Swamp:1  | Entered Level 1 of the Swamp
 24575 | Swamp:1  | Got a warped chain mail
 24581 | Swamp:1  | Identified the +4 chain mail of Fuuhor {rPois Dex+5} (You found it on level 1 of the Swamp)
 24905 | Swamp:1  | Found an ornate altar of the Wu Jian Council.
 25077 | Swamp:1  | Identified 2 scrolls of acquirement
 26033 | Swamp:2  | Reached XP level 16. HP: 127/141 MP: 22/22
 26084 | Swamp:2  | HP: 5/141 [spriggan rider/spear (18)]
 26085 | Swamp:2  | HP: 1/141 [the Majin-Bo (4)]
 26085 | Swamp:2  | Mangled by a spriggan rider

Vault maps used:
D:1:      tarquinn_simple_flora_water_b, kennysheep_nondescript
D:2:      first_bread
D:3:      nicolae_overflow_crystal_walls, grunt_dithmenos_smoke_and_mirrors,
          lemuel_doored_altar, uniq_terence, uniq_purgy
D:4:      overflow_temple_1_default, serial_shops, shop, kennysheep_another_room
D:5:      lightli_temple_of_fire
D:6:      minmay_cornered_nines, minmay_temple_entry_hall
D:7:      grunt_temple_overflow_champion_of_chaos,
          nicolae_overflow_hidden_temple, uniq_prince_ribbit1
D:8:      the_bakery
D:9:      nicolae_gozag_cash_rules_everything_around_me, lemuel_round_altar,
          uniq_erolcha, uniq_joseph
D:10:     erik_lair_orcish_takeover, kennysheep_generic_room_15
D:11:     nicolae_trove_entry_path_of_doom
D:12:     david_orc_2, uniq_josephine
D:13:     erik_vaults_2, basic_altar, kennysheep_generic_room_14, uniq_azrael,
          uniq_urug, uniq_sonja
D:14:     nicolae_ru_path_of_blood, eino_house_with_fridge
D:15:     gammafunk_depths_entry_grave, serial_park_square3
Temple:   hc_temple_tempest_star
Lair:1:   fungi_pond_lemuel, grunt_megastairs_2
Lair:2:   beast_lair_carwin_large_4
Lair:3:   lemuel_fruit_tree, serial_bayou_shore_b, uniq_rupert
Lair:4:   swamp_mist_pool, guppyfry_snake_entry_island,
          gammafunk_lair_bear_cave, minmay_lair_oklob_chamber
Lair:5:   minmay_lair_oklob_tunnel, minmay_slime_entry_pillars, basic_altar,
          infiniplex_staircase_pool
Lair:6:   grunt_lair_end_beastmaster, infiniplex_staircase_pool_2,
          grunt_megastairs_3
Swamp:1:  basic_altar
Swamp:2:  evilmike_swamp_ruin_rubble_1
Orc:1:    gammafunk_beogh_shrine, basic_altar, serial_shops,
          nicolae_shop_overgrown_old_shop, bloody_makhleb, uniq_snorg,
          uniq_nergalle, uniq_gastronok
Orc:2:    st_orc_rangers

Skill      XL: |  1  2  3  4  5  6  7  8  9 10 11 12 13 14 15 |
---------------+----------------------------------------------+-----
Armour         | 1 2 3 4 5 7 9 10 11 13 14 15 16 | 16.9
Staves         | 4 5 6 7 8 9 11 12 13 14 | 14.0
Fighting       | 3 4 5 6 7 8 9 10 11 12 | 12.7
Dodging        | 4 5 6 7 8 9 10 11 12 | 12.1
Throwing       | 3 4 5 6 |  6.2
Spellcasting   | 1 2 3 4 5 6 7 |  7.1
Necromancy     | 1 2 3 4 5 6 7 9 |  9.3
Summonings     | |  0.6

Action                   |  1- 3 |  4- 6 |  7- 9 | 10-12 | 13-15 | 16-18 || total
-------------------------+-------+-------+-------+-------+-------+-------++-------
Melee: Quarterstaff      |    74 |   117 |   208 |   661 |  1384 |    18 ||  2462
       Headbutt          |    11 |    24 |    39 |   151 |   437 |     2 ||   664
Throw: Tomahawk          |       |    13 |       |     5 |     5 |       ||    23
       Throwing net      |       |     1 |       |       |       |       ||     1
 Cast: Animate Skeleton  |       |       |    13 |    72 |    95 |       ||   180
       Summon Small Mamm |       |       |     1 |       |     1 |       ||     2
       Pain              |       |       |     5 |     2 |     6 |       ||    13
       Animate Dead      |       |       |       |    11 |    23 |     1 ||    35
       Vampiric Draining |       |       |       |     2 |    12 |       ||    14
       Dispel Undead     |       |       |       |       |    11 |       ||    11
Invok: Receive Corpses   |       |       |     1 |       |     3 |     1 ||     5
       Receive Necronomi |       |       |       |       |     1 |       ||     1
  Use: Scroll            |       |       |     7 |     4 |    13 |       ||    24
       Potion            |       |       |     1 |       |     1 |     1 ||     3
 Stab: Distracted        |       |       |     1 |     6 |    13 |       ||    20
       Petrified         |       |       |       |       |     7 |       ||     7
  Eat: Chunk             |     2 |     5 |    10 |    17 |    26 |       ||    60
       Meat ration       |       |       |     1 |       |     1 |       ||     2
       Bread ration      |       |       |       |     3 |     7 |       ||    10
Armor: Leather armour    |    23 |       |       |       |       |       ||    23
       Chain mail        |    10 |       |       |       |       |       ||    10
       Fire dragon scale |       |    59 |    74 |   184 |   165 |       ||   482
       Scale mail        |       |       |       |       |   227 |    10 ||   237
Dodge: Dodged            |    75 |   106 |   121 |   414 |  1152 |    34 ||  1902
Block: Other             |       |    12 |    62 |   256 |   641 |     3 ||   974
       Reflection        |       |       |     2 |     4 |    67 |       ||    73

Table legend:
 A = Spawn XP
 B = Non-spawn XP
 C = Spawn XP percentage of total XP
 D = Spawn monster count
 E = Non-spawn monster count
 F = Spawn count percentage of total count
 G = Total turns spent on level
                    A         B        C        D         E        F      G
               +---------+---------+-------+---------+---------+-------+---------
         Total |       0 |  154163 |   0.0 |       0 |     819 |   0.0 | 26085
               +---------+---------+-------+---------+---------+-------+---------
           D:1 |       0 |      66 |   0.0 |       0 |      32 |   0.0 |   932
           D:2 |       0 |      30 |   0.0 |       0 |      11 |   0.0 |   688
           D:3 |       0 |     359 |   0.0 |       0 |      38 |   0.0 |  1033
           D:4 |       0 |     320 |   0.0 |       0 |      23 |   0.0 |   896
           D:5 |       0 |     551 |   0.0 |       0 |      18 |   0.0 |   744
           D:6 |       0 |    1159 |   0.0 |       0 |      25 |   0.0 |   799
           D:7 |       0 |    1988 |   0.0 |       0 |      27 |   0.0 |   744
           D:8 |       0 |    2961 |   0.0 |       0 |      19 |   0.0 |   934
           D:9 |       0 |    5193 |   0.0 |       0 |      44 |   0.0 |  1092
          D:10 |       0 |    3177 |   0.0 |       0 |      18 |   0.0 |   852
          D:11 |       0 |    5454 |   0.0 |       0 |      43 |   0.0 |  1525
          D:12 |       0 |    9122 |   0.0 |       0 |      48 |   0.0 |  1809
          D:13 |       0 |   16371 |   0.0 |       0 |      53 |   0.0 |  1108
          D:14 |       0 |    7513 |   0.0 |       0 |      20 |   0.0 |  1045
          D:15 |       0 |   12277 |   0.0 |       0 |      38 |   0.0 |   830
        Lair:1 |       0 |     423 |   0.0 |       0 |       3 |   0.0 |   812
        Lair:2 |       0 |    7097 |   0.0 |       0 |      48 |   0.0 |  1026
        Lair:3 |       0 |    6139 |   0.0 |       0 |      22 |   0.0 |   924
        Lair:4 |       0 |    7729 |   0.0 |       0 |      43 |   0.0 |   966
        Lair:5 |       0 |    6944 |   0.0 |       0 |      24 |   0.0 |  1277
        Lair:6 |       0 |   16885 |   0.0 |       0 |      47 |   0.0 |  2047
       Swamp:1 |       0 |   12848 |   0.0 |       0 |      33 |   0.0 |  1376
       Swamp:2 |       0 |    6043 |   0.0 |       0 |      17 |   0.0 |   166
         Orc:1 |       0 |   15233 |   0.0 |       0 |      69 |   0.0 |  1562
         Orc:2 |       0 |    8281 |   0.0 |       0 |      56 |   0.0 |   852
               +---------+---------+-------+---------+---------+-------+---------
